[Event "fics rated crazyhouse match"]
[Site "fics, Oklahoma City, OK USA"]
[Date "2000.02.18"]
[White "venomous"]
[WhiteElo "2422"]
[Black "jtp"]
[BlackElo "2263"]
[TimeControl "180+0"]
[Result "1-0"]

1. e4 Nf6 2. Nc3 d5 3. exd5 Nxd5 4. Bc4 e6 5. Nh3 Nc6 6. O-O 
Bc5 7. Ne4 Be7 8. d4 P@f5 9. Neg5 h6 10. Nxf7 Kxf7 11. P@b5 Bf6 
12. bxc6 bxc6 13. Bxd5 cxd5 14. N@c6 Qd6 15. N@e5+ Kg8 16. P@f7+ Kh7 17. Bf4 
Bxe5 18. Nxe5 N@f8 19. B@g6+ Nxg6 20. Nxg6 Kxg6 21. Bxd6 cxd6 22. Q@h5+ Kf6 
23. N@g8+ Rxg8 24. fxg8=N# 
{jtp checkmated} 1-0

[Event "fics rated crazyhouse match"]
[Site "fics, Oklahoma City, OK USA"]
[Date "2000.02.18"]
[White "jtp"]
[WhiteElo "2258"]
[Black "venomous"]
[BlackElo "2427"]
[TimeControl "180+0"]
[Result "0-1"]

1. e4 e6 2. d4 Nc6 3. Nc3 Nf6 4. Nf3 Bb4 5. Bg5 h6 6. Bxf6 
Qxf6 7. N@b5 B@a5 8. a3 Bxc3+ 9. Nxc3 N@a4 10. B@d2 Nxb2 11. Qb1 Bxc3 
12. Bxc3 Na4 13. e5 Qg6 14. Qb3 Nxc3 15. Qxc3 N@d5 16. N@b5 Nxc3 17. Nxc7+ 
Kf8 18. B@c5+ P@e7 19. Bxe7+ Nxe7 20. Nxa8 Qxc2 21. R@d2 Qe4+ 22. Be2 P@d3 
23. P@f6 dxe2 24. fxe7+ Kxe7 25. N@e3 Q@b1+ 26. Rxb1 Qxb1# 
{jtp resigns} 0-1

[Event "fics rated crazyhouse match"]
[Site "fics, Oklahoma City, OK USA"]
[Date "2000.02.18"]
[White "venomous"]
[WhiteElo "2431"]
[Black "jtp"]
[BlackElo "2254"]
[TimeControl "180+0"]
[Result "1-0"]

1. e4 Nf6 2. Nc3 d5 3. exd5 Nxd5 4. Bc4 e6 5. Nh3 Nc6 6. O-O 
Be7 7. d4 Nxc3 8. bxc3 P@b4 9. cxb4 Qxd4 10. Qxd4 Nxd4 11. Q@g4 Q@e5 
12. P@e3 N@e2+ 13. Bxe2 Nxe2+ 14. Qxe2 Qxa1 15. N@b5 B@d8 16. P@d6 Bxd6 17. Nxd6+ 
cxd6 18. B@b2 Qxa2 19. Bxg7 Rg8 20. N@f6+ Bxf6 21. Bxf6 N@d5 22. N@g7+ Kd7 
23. B@c4 Nxf6 24. Bxa2 Rxg7 25. P@g5 Ne8 26. Bb2 P@e5 27. Rd1 P@d5 28. c4 
B@f5 29. cxd5 Bxh3 30. P@c6+ Ke7 31. Bxe5 dxe5 32. P@f6+ Nxf6 33. gxf6+ Kxf6 
34. N@e8+ Ke7 35. Q@h4+ B@g5 36. Qxh3 Kxe8 37. dxe6 Bxe6 38. Bxe6 R@e7 39. P@d7+ 
Kf8 40. c7 fxe6 41. d8=Q+ Rxd8 42. cxd8=Q+ B@e8 43. R@h8+ N@g8 44. B@d6 N@f6 
45. Bxe7+ Rxe7 46. Qxe7+ Kxe7 47. B@d8+ Kf7 48. Rxg8 Nxg8 49. Qxh7+ P@g7 50. Qeh5# 
{jtp forfeits on time} 1-0

[Event "fics rated crazyhouse match"]
[Site "fics, Oklahoma City, OK USA"]
[Date "2000.02.18"]
[White "jtp"]
[WhiteElo "2250"]
[Black "venomous"]
[BlackElo "2435"]
[TimeControl "180+0"]
[Result "1-0"]

1. e4 e6 2. d4 Nc6 3. Nc3 Nf6 4. Nf3 Bb4 5. Bg5 h6 6. Bxf6 
Qxf6 7. Qd3 B@a6 8. Qd2 Bxf1 9. Kxf1 Bxc3 10. bxc3 N@c4 11. Qe2 d5 
12. e5 Qxf3 13. gxf3 N@f4 14. N@b5 B@h3+ 15. Ke1 Nxe2 16. Nxc7+ Kd7 17. B@d2 
Bg2 18. Nxa8 Bxh1 19. Q@c7+ Ke8 20. Qxc8+ R@d8 21. Nc7+ Ke7 22. B@c5+ Nd6 
23. Bxd6+ Rxd6 24. P@f6+ gxf6 25. exd6+ Kxd6 26. R@d7# 
{venomous checkmated} 1-0

[Event "fics rated crazyhouse match"]
[Site "fics, Oklahoma City, OK USA"]
[Date "2000.02.18"]
[White "venomous"]
[WhiteElo "2423"]
[Black "jtp"]
[BlackElo "2262"]
[TimeControl "180+0"]
[Result "0-1"]

1. e4 Nc6 2. Nf3 Nf6 3. Nc3 d5 4. exd5 Nxd5 5. Bc4 e6 6. O-O 
Be7 7. d4 a6 8. Ne5 Nxe5 9. dxe5 Nxc3 10. bxc3 N@e4 11. N@h5 Rg8 
12. P@f6 Qxd1 13. Rxd1 Q@g4 14. Q@f3 Qxf3 15. gxf3 N@h3+ 16. Kg2 Nhxf2 17. fxe4 
Nxd1 18. N@g4 P@h3+ 19. Kxh3 Q@f3+ 20. Q@g3 Qxg3+ 21. Nxg3 gxf6 22. P@g7 P@f3 
23. N@h4 fxe5 24. Q@h8 Rxh8 25. gxh8=Q+ R@f8 26. R@g8 P@f5 27. Rxf8+ Bxf8 28. Nf6+ 
Ke7 29. R@e8+ Kd6 30. Qxf8+ Kc6 31. B@d5+ Kb6 32. Rb1# 
{venomous forfeits on time} 0-1

[Event "fics rated crazyhouse match"]
[Site "fics, Oklahoma City, OK USA"]
[Date "2000.02.18"]
[White "jtp"]
[WhiteElo "2273"]
[Black "venomous"]
[BlackElo "2412"]
[TimeControl "180+0"]
[Result "0-1"]

1. e4 e6 2. d4 Nc6 3. Nc3 Nf6 4. Nf3 Bb4 5. Bg5 h6 6. Bxf6 
Qxf6 7. a3 Bxc3+ 8. bxc3 d6 9. N@b5 B@b6 10. B@h4 N@g5 11. Bxg5 hxg5 
12. d5 Ne5 13. Nbd4 Nxf3+ 14. gxf3 Bxd4 15. cxd4 B@c3+ 16. B@d2 Bxd4 17. N@b5 
Bxa1 18. Nxc7+ Kf8 19. N@g4 Qe7 20. Nxa8 N@b2 21. Qxa1 R@d1+ 22. Qxd1 Nxd1 
23. R@c7 Bd7 24. P@h6 Nb2 25. Be2 N@g2+ 26. Kf1 Q@h3 27. hxg7+ Kxg7 28. B@c3+ 
e5 29. Bxb2 Nh4+ 30. Ke1 P@g2 31. Rg1 Qxh2 32. Nxh2 Rxa8 33. Rxd7 Qxd7 
34. P@f6+ Kxf6 35. N@g4+ Ke7 36. Bxg5+ Ke8 37. Q@g8+ N@f8 38. Nf6+ Kd8 39. Nxd7+ 
Kc7 
{jtp forfeits on time} 0-1

[Event "fics rated crazyhouse match"]
[Site "fics, Oklahoma City, OK USA"]
[Date "2000.02.18"]
[White "venomous"]
[WhiteElo "2417"]
[Black "jtp"]
[BlackElo "2268"]
[TimeControl "180+0"]
[Result "0-1"]

1. e4 Nf6 2. Nc3 d5 3. exd5 Nxd5 4. Bc4 e6 5. Nh3 Nc6 6. O-O 
Nde7 7. Ng5 P@f6 8. Nf3 Nf5 9. P@d5 exd5 10. Re1+ Be7 11. Bxd5 P@e6 
12. Bxc6+ bxc6 13. P@e4 Nd4 14. Nxd4 Qxd4 15. N@f3 Qd8 16. d4 B@h5 17. N@f4 
Bxf3 18. Qxf3 N@g5 19. Qd1 e5 20. B@a4 exf4 21. Bxc6+ Bd7 22. Bxd7+ Qxd7 
23. P@c6 N@h3+ 24. Kf1 Qxc6 25. B@b5 B@c4+ 26. Bxc4 Qxc4+ 27. B@e2 B@a6 28. Bxc4 
Bxc4+ 29. Ne2 B@b5 30. gxh3 f3 31. Bxg5 fxe2+ 32. Rxe2 Bxe2+ 33. Qxe2 Bxe2+ 
34. Kxe2 fxg5 35. Q@c6+ P@d7 36. Qxa8+ R@d8 37. Qxd8+ Bxd8 38. R@e5+ B@e6 39. N@h5 
N@f4+ 40. Nxf4 gxf4 41. N@h5 f3+ 42. Kxf3 N@h4+ 43. Ke2 Q@f3# 
{venomous resigns} 0-1

[Event "fics rated crazyhouse match"]
[Site "fics, Oklahoma City, OK USA"]
[Date "2000.02.18"]
[White "jtp"]
[WhiteElo "2279"]
[Black "venomous"]
[BlackElo "2406"]
[TimeControl "180+0"]
[Result "0-1"]

1. e4 e6 2. d4 Nc6 3. Nc3 Nf6 4. Nf3 Bb4 5. Bg5 h6 6. Bxf6 
Qxf6 7. a3 Bxc3+ 8. bxc3 B@g4 9. N@b5 N@a6 10. e5 Qd8 11. B@d6 cxd6 
12. Nxd6+ Kf8 13. Bxa6 bxa6 14. Nxc8 Rxc8 15. B@c5+ Kg8 16. P@f6 N@f4 17. fxg7 
Nxg2+ 18. Kf1 Nf4 19. gxh8=Q+ Kxh8 20. Rg1 P@g2+ 21. Ke1 P@e2 22. Qd2 B@g5 
23. N@f6 Bxf6 24. Qxf4 B@g5 25. Qxg4 Nxe5 26. dxe5 Rxc5 27. exf6 P@d2+ 28. Kxe2 
N@c1+ 29. Raxc1 dxc1=N+ 30. Rxc1 B@f1+ 31. Rxf1 gxf1=Q+ 32. Kxf1 R@b1+ 33. B@e1 Qxf6 
34. B@d4 R@e5 35. R@e8+ Kh7 
{jtp forfeits on time} 0-1

[Event "fics rated crazyhouse match"]
[Site "fics, Oklahoma City, OK USA"]
[Date "2000.02.18"]
[White "venomous"]
[WhiteElo "2411"]
[Black "Ebenfelt"]
[BlackElo "2317"]
[TimeControl "180+0"]
[Result "1-0"]

1. e4 e6 2. d4 d5 3. e5 Ne7 4. Nh3 Nf5 5. Be3 Nc6 6. Be2 
Be7 7. O-O h6 8. Nc3 O-O 9. Nf4 a6 10. Nh5 Bg5 11. Bxg5 Qxg5 
12. B@f4 Qh4 13. Bg3 Qd8 14. Nxg7 Nxg7 15. P@f6 Nf5 16. Bg4 Kh7 17. Bxf5+ 
exf5 18. N@e7 Nxe7 19. fxe7 Qxe7 20. Nxd5 Qg5 21. Nf6+ Kh8 22. P@e7 Be6 
23. exf8=Q+ Rxf8 24. R@h7# 
{Ebenfelt checkmated} 1-0

[Event "fics rated crazyhouse match"]
[Site "fics, Oklahoma City, OK USA"]
[Date "2000.02.18"]
[White "Ebenfelt"]
[WhiteElo "2311"]
[Black "venomous"]
[BlackElo "2417"]
[TimeControl "180+0"]
[Result "0-1"]

1. e4 e6 2. d4 Nc6 3. Nc3 Nf6 4. Nf3 Bb4 5. Bd3 d5 6. exd5 
Nxd5 7. Bd2 P@a3 8. Nxd5 Bxd2+ 9. Qxd2 axb2 10. Rb1 exd5 11. Rxb2 P@e4 
12. N@h5 B@f8 13. P@h6 Rg8 14. Ng5 exd3 15. Nxh7 Qe7+ 16. P@e5 Nxe5 17. dxe5 
Qxe5+ 18. B@e2 B@c3 19. N@f6+ gxf6 20. N7xf6+ Kd8 21. Qxc3 Qxe2# 
{Ebenfelt checkmated} 0-1

[Event "fics rated crazyhouse match"]
[Site "fics, Oklahoma City, OK USA"]
[Date "2000.02.18"]
[White "venomous"]
[WhiteElo "2423"]
[Black "Ebenfelt"]
[BlackElo "2305"]
[TimeControl "180+0"]
[Result "1-0"]

1. e4 e5 2. Bc4 Bc5 3. Nf3 Nf6 4. Nxe5 Bxf2+ 5. Kxf2 Nxe4+ 6. Ke2 
d5 7. Bb5+ c6 8. Bd3 Qf6 9. B@d4 P@g4 10. Qf1 P@f3+ 11. gxf3 gxf3+ 
12. Nxf3 Qg6 13. Rg1 P@g4 14. Ne5 Qh5 15. Bxe4 dxe4 16. N@d6+ Kf8 17. Nxc8 
B@f3+ 18. Ke1 Na6 19. P@e7+ Ke8 20. P@d7# 
{Ebenfelt checkmated} 1-0

[Event "fics rated crazyhouse match"]
[Site "fics, Oklahoma City, OK USA"]
[Date "2000.02.18"]
[White "Ebenfelt"]
[WhiteElo "2300"]
[Black "venomous"]
[BlackElo "2428"]
[TimeControl "180+0"]
[Result "0-1"]

1. e4 e6 2. Nf3 Nc6 3. d4 Nf6 4. Bd3 d5 5. e5 Ne4 6. O-O 
Be7 7. Nbd2 Nxd2 8. Bxd2 N@e4 9. N@h5 Rg8 10. Re1 Nxd2 11. Qxd2 B@e4 
12. Bxe4 dxe4 13. Rxe4 B@g6 14. Ng3 Bxe4 15. Nxe4 R@d5 16. P@d6 cxd6 17. exd6 
Bxd6 18. Nxd6+ Rxd6 19. P@e5 Rxd4 20. Nxd4 Nxd4 21. N@d6+ Kf8 22. B@c7 N@f3+ 
23. Kh1 P@h3 24. Rg1 hxg2+ 25. Rxg2 P@h3 26. Bxd8 hxg2+ 27. Kxg2 R@g1+ 28. Kh3 
P@g4# 
{Ebenfelt checkmated} 0-1

[Event "fics rated crazyhouse match"]
[Site "fics, Oklahoma City, OK USA"]
[Date "2000.02.18"]
[White "spurs"]
[WhiteElo "2277"]
[Black "pminear"]
[BlackElo "2483"]
[TimeControl "60+0"]
[Result "1-0"]

1. d4 Nf6 2. Nf3 e6 3. Bg5 Nc6 4. Bxf6 gxf6 5. e4 B@g6 6. Bb5 
Bxe4 7. Bxc6 Bxc6 8. Nc3 Rg8 9. d5 exd5 10. Nxd5 P@e6 11. Nxf6+ Qxf6 
12. P@e5 Qf4 13. N@f6+ Qxf6 14. exf6 B@b4+ 15. N@c3 Bbc5 16. P@e7 Bfxe7 17. fxe7 
Bxe7 18. B@e4 N@f4 19. Rg1 Nxg2+ 20. Kd2 N@c4+ 21. Kc1 P@a3 22. Rb1 axb2+ 
23. Rxb2 Ba3 24. Q@b1 Nxb2 25. Qxb2 Bxb2+ 26. Kxb2 P@b4 27. N@f6+ Kf8 28. P@e7+ 
Kxe7 29. Nxg8+ Ke8 30. Nf6+ Kf8 31. R@e8+ Kg7 32. B@h8+ Kh6 33. Ng8+ Kh5 
34. Ne5+ P@e2 35. Qxe2+ P@f3 36. Qxf3+ Kg5 37. Qg4# 
{pminear checkmated} 1-0

[Event "fics rated crazyhouse match"]
[Site "fics, Oklahoma City, OK USA"]
[Date "2000.02.18"]
[White "pminear"]
[WhiteElo "2471"]
[Black "spurs"]
[BlackElo "2289"]
[TimeControl "60+0"]
[Result "0-1"]

1. e4 e6 2. Nc3 d5 3. exd5 exd5 4. Nf3 Bb4 5. d4 Qe7+ 6. Be2 
Bxc3+ 7. bxc3 Nf6 8. Ne5 Ne4 9. Bd2 Nxf2 10. Kxf2 N@e4+ 11. Kf1 Qf6+ 
12. P@f3 P@h3 13. Rg1 hxg2+ 14. Rxg2 Bh3 15. P@f2 Bxg2+ 16. Kxg2 P@h3+ 17. Kxh3 
Nxf2+ 18. Kg2 Nxd1 19. Rxd1 P@h3+ 20. Kxh3 R@h4+ 21. Kg2 P@h3+ 22. Kf2 Q@g2+ 
23. Ke3 Re4+ 24. fxe4 Qxe4# 
{pminear checkmated} 0-1

[Event "fics rated crazyhouse match"]
[Site "fics, Oklahoma City, OK USA"]
[Date "2000.02.18"]
[White "spurs"]
[WhiteElo "2301"]
[Black "pminear"]
[BlackElo "2459"]
[TimeControl "60+0"]
[Result "1-0"]

1. d4 Nf6 2. Nf3 e6 3. Bg5 Be7 4. Nc3 d5 5. e3 Nc6 6. Bb5 
Bd7 7. Bxc6 Bxc6 8. Ne5 B@g6 9. Nxc6 bxc6 10. B@b7 O-O 11. Bxc6 N@e4 
12. Nxe4 Nxe4 13. Bxe7 Qxe7 14. Bxa8 Rxa8 15. P@b7 Rf8 16. N@c6 Qd6 17. b8=Q 
B@e8 18. B@e7 Qxc6 19. Bxf8 Kxf8 20. R@h8+ B@g8 21. R@c8 B@d7 22. Rxc7 Qd6 
23. P@e7+ Qxe7 24. N@c8 Bxc8 25. Rxe7 P@d2+ 26. Qxd2 Nxd2 27. Rxe8+ Kxe8 28. Rxg8+ 
Ke7 29. B@d6+ Kf6 30. B@e7+ Kf5 31. Q@g5+ Ke4 32. P@d3# 
{pminear checkmated} 1-0

[Event "fics rated crazyhouse match"]
[Site "fics, Oklahoma City, OK USA"]
[Date "2000.02.18"]
[White "pminear"]
[WhiteElo "2448"]
[Black "spurs"]
[BlackElo "2312"]
[TimeControl "60+0"]
[Result "1-0"]

1. e4 e6 2. Nc3 d5 3. d4 dxe4 4. Nxe4 Nc6 5. Nf3 Be7 6. Bb5 
Nf6 7. Nxf6+ Bxf6 8. N@e5 Be7 9. Bxc6+ bxc6 10. Nxc6 Qd5 11. Nxe7 Kxe7 
12. N@e3 Qb5 13. B@e2 Qa5+ 14. Bd2 Qb6 15. O-O N@f4 16. Nc4 P@h3 17. Bxf4 
hxg2 18. Bg3 gxf1=Q+ 19. Qxf1 Qb5 20. P@d6+ cxd6 21. Bxd6+ Ke8 22. N@c7+ Kd7 
23. Nxb5 N@e8 24. Nfe5+ Kd8 25. Q@e7# 
{spurs checkmated} 1-0

[Event "fics rated crazyhouse match"]
[Site "fics, Oklahoma City, OK USA"]
[Date "2000.02.18"]
[White "spurs"]
[WhiteElo "2307"]
[Black "pminear"]
[BlackElo "2453"]
[TimeControl "60+0"]
[Result "0-1"]

1. d4 Nf6 2. Nf3 e6 3. Bg5 Be7 4. Nc3 d5 5. e3 O-O 6. Bb5 
Ne4 7. Bxe7 Qxe7 8. Nxe4 dxe4 9. Ne5 f6 10. Ng4 B@f5 11. B@a3 N@d6 
12. Bxd6 cxd6 13. N@h6+ gxh6 14. Nxh6+ Kh8 15. P@f7 B@g7 16. N@g8 Qc7 17. Qh5 
Bg6 18. Qh4 N@h5 19. g4 Bxf7 20. gxh5 Bxg8 21. Nxg8 Rxg8 22. h6 N@f3+ 
23. Kd1 Nxh4 24. hxg7+ Qxg7 25. B@e1 Q@f3+ 26. B@e2 Qxh1 27. N@h5 P@f3 28. Nxg7 
fxe2+ 29. Bxe2 B@g6 30. Nxe6 Bxe6 31. P@h6 R@f7 32. P@g7+ Rgxg7 33. hxg7+ Kxg7 
34. R@f8 Rxf8 35. Kc1 P@d2+ 36. Kxd2 N@c4+ 37. Bxc4 Nf3+ 38. Kc3 Qxe1+ 39. Kb3 
P@b4 40. P@h6+ Kxh6 
{spurs forfeits on time} 0-1

[Event "fics rated crazyhouse match"]
[Site "fics, Oklahoma City, OK USA"]
[Date "2000.02.18"]
[White "pminear"]
[WhiteElo "2452"]
[Black "spurs"]
[BlackElo "2308"]
[TimeControl "60+0"]
[Result "0-1"]

1. e4 e6 2. Nc3 d5 3. d4 dxe4 4. Nxe4 Nc6 5. Nf3 Be7 6. Bb5 
Nf6 7. Nxf6+ Bxf6 8. N@e5 Bd7 9. Nxd7 Qxd7 10. Bxc6 Qxc6 11. N@e5 Bxe5 
12. Nxe5 Qxg2 13. B@f3 Qxh1+ 14. Bxh1 R@g1+ 15. B@f1 O-O 16. P@e7 Rfb8 17. Be4 
B@f5 18. Bxf5 exf5 19. B@g2 N@h4 20. Bxb7 Rxb7 21. Be3 Ng2+ 22. Kd2 N@e4+ 
23. Kc1 P@a3 24. Rb1 P@c3 25. bxa3 B@b2+ 26. Rxb2 cxb2+ 27. Kb1 R@a1# 
{pminear checkmated} 0-1

[Event "fics rated crazyhouse match"]
[Site "fics, Oklahoma City, OK USA"]
[Date "2000.02.18"]
[White "spurs"]
[WhiteElo "2319"]
[Black "pminear"]
[BlackElo "2441"]
[TimeControl "60+0"]
[Result "0-1"]

1. d4 Nf6 2. Nf3 e6 3. Bg5 Be7 4. Nc3 d5 5. e3 Nc6 6. Bb5 
Ne4 7. Bxc6+ bxc6 8. Bxe7 Qxe7 9. Nxe4 dxe4 10. Ne5 B@b5 11. B@e2 B@a6 
12. Bxb5 Bxb5 13. B@e2 Bxe2 14. Qxe2 B@b5 15. B@c4 Bxc4 16. Nxc4 B@b5 17. B@b3 
B@d5 18. N@e5 O-O 19. N@h5 f6 20. Ng4 Bdxc4 21. Bxc4 Bxc4 22. Qxc4 B@b5 
23. Qxb5 cxb5 24. B@h6 N@f5 25. Bxg7 Nxg7 26. B@h6 Nxh5 27. Bxf8 Qxf8 28. B@h6 
B@d2+ 29. Kf1 B@f3 30. Bxf8 Bxg2+ 31. Ke2 P@d3+ 32. Kxd2 Q@e2+ 33. Kc3 Qxc2+ 
34. Kb4 c5+ 35. Kxb5 Bd7+ 36. Ka6 Qa4+ 37. R@a5 Qxa5+ 38. Kxa5 R@b5+ 39. Ka6 
N@c7# 
{spurs checkmated} 0-1

[Event "fics rated crazyhouse match"]
[Site "fics, Oklahoma City, OK USA"]
[Date "2000.02.18"]
[White "pminear"]
[WhiteElo "2446"]
[Black "spurs"]
[BlackElo "2314"]
[TimeControl "60+0"]
[Result "1-0"]

1. e4 e6 2. Nc3 d5 3. d4 dxe4 4. Nxe4 Nc6 5. Nf3 Be7 6. Bb5 
Nf6 7. Nxf6+ Bxf6 8. N@e5 Bxe5 9. Nxe5 P@d7 10. Bxc6 dxc6 11. Nxf7 Kxf7 
12. N@e5+ Ke7 13. P@h6 B@f6 14. hxg7 Bxg7 15. P@h6 Bxe5 16. Bg5+ P@f6 17. dxe5 
fxg5 18. B@f6+ Kf7 19. Qxd8 Rxd8 20. Q@g7+ Ke8 21. Qe7# 
{spurs checkmated} 1-0

[Event "fics rated crazyhouse match"]
[Site "fics, Oklahoma City, OK USA"]
[Date "2000.02.18"]
[White "spurs"]
[WhiteElo "2309"]
[Black "pminear"]
[BlackElo "2451"]
[TimeControl "60+0"]
[Result "1-0"]

1. d4 Nf6 2. Nf3 d5 3. Bg5 Bg4 4. Nc3 Ne4 5. Nxe4 dxe4 6. Ne5 
N@e6 7. Nxf7 Nxg5 8. Nxg5 B@e6 9. h3 Bgf5 10. P@g4 Qd6 11. gxf5 Bxf5 
12. N@f7 Qb4+ 13. B@c3 e3 14. fxe3 Qb6 15. Nxh8 Qf6 16. P@f7+ Kd7 17. N@e5+ 
Kd6 18. Bb4+ Kd5 19. c4# 
{pminear checkmated} 1-0

[Event "fics rated crazyhouse match"]
[Site "fics, Oklahoma City, OK USA"]
[Date "2000.02.18"]
[White "pminear"]
[WhiteElo "2440"]
[Black "spurs"]
[BlackElo "2320"]
[TimeControl "60+0"]
[Result "1-0"]

1. e4 e6 2. Nc3 d5 3. exd5 exd5 4. d4 Bb4 5. Nf3 Qe7+ 6. Be2 
Bxc3+ 7. bxc3 N@e4 8. Bd2 Bg4 9. O-O P@h3 10. gxh3 Bxh3 11. Re1 Ngf6 
12. P@d3 Nxf2 13. Kxf2 Ng4+ 14. Kg3 h5 15. B@h4 Qxh4+ 16. Nxh4 B@f2+ 17. Kxh3 
Bxh4 18. Bxg4+ P@e4 19. P@d7+ Nxd7 20. Bxd7+ Kd8 21. N@c6+ bxc6 22. N@b7+ Kxd7 
23. Nc5+ Ke7 24. Q@d7+ Kf8 25. N@g6+ fxg6 26. Ne6+ Kg8 27. Qxg7# 
{spurs checkmated} 1-0

[Event "fics rated crazyhouse match"]
[Site "fics, Oklahoma City, OK USA"]
[Date "2000.02.18"]
[White "spurs"]
[WhiteElo "2315"]
[Black "pminear"]
[BlackElo "2445"]
[TimeControl "60+0"]
[Result "1-0"]

1. d4 e6 2. Nf3 Nc6 3. Bg5 Be7 4. Bxe7 Qxe7 5. e4 B@g4 6. Bb5 
Nf6 7. Bxc6 dxc6 8. e5 Ne4 9. B@h4 Qd7 10. Nc3 Nxc3 11. bxc3 B@h5 
12. N@f6+ gxf6 13. Bxf6 Bxf3 14. N@g7+ Kf8 15. P@e7+ Kg8 16. e8=Q+ N@f8 17. Qxd7 
Bxd7 18. Nxh5 P@g7 19. Qxf3 N@c4 20. Bxg7 
{pminear resigns} 1-0

[Event "fics rated crazyhouse match"]
[Site "fics, Oklahoma City, OK USA"]
[Date "2000.02.18"]
[White "pminear"]
[WhiteElo "2434"]
[Black "spurs"]
[BlackElo "2326"]
[TimeControl "60+0"]
[Result "1-0"]

1. e4 e6 2. Nc3 d5 3. d4 dxe4 4. Nxe4 Nc6 5. Nf3 Be7 6. Bb5 
Nf6 7. Nxf6+ Bxf6 8. N@e5 Bxe5 9. Nxe5 P@d7 10. Bxc6 dxc6 11. Nxf7 Kxf7 
12. N@e5+ Ke7 13. P@h6 B@f6 14. P@g5 Bxe5 15. dxe5 N@d4 16. B@f6+ gxf6 17. exf6+ 
Kf7 18. Be3 B@a5+ 19. B@c3 Bxc3+ 20. bxc3 Nxc2+ 21. Qxc2 N@d3+ 22. Kf1 P@f3 
23. B@h5+ B@g6 24. Bxf3 Nxf2 25. N@e5+ Ke8 26. Qxg6+ hxg6 27. P@f7+ Kf8 28. P@g7# 
{spurs checkmated} 1-0

[Event "fics rated crazyhouse match"]
[Site "fics, Oklahoma City, OK USA"]
[Date "2000.02.18"]
[White "spurs"]
[WhiteElo "2320"]
[Black "pminear"]
[BlackElo "2440"]
[TimeControl "60+0"]
[Result "0-1"]

1. d4 e6 2. Nf3 Be7 3. e4 d5 4. Nc3 dxe4 5. Nxe4 P@f5 6. Nc3 
Nf6 7. Ne5 Bb4 8. Bb5+ c6 9. Be2 Ne4 10. O-O Bxc3 11. bxc3 Nxc3 
12. Qd3 Nxe2+ 13. Qxe2 Qxd4 14. Nxf7 Kxf7 15. N@g5+ Ke7 16. Ba3+ P@d6 17. B@b2 
P@c3 18. Rad1 B@d2 19. Rxd2 Qxd2 20. Qxd2 cxd2 21. P@f6+ gxf6 22. Bxf6+ Kxf6 
23. Q@f7+ Ke5 24. f4+ Kd5 25. P@c4+ Kxc4 26. B@d3+ Kd4 27. P@c4 B@e3+ 28. Kh1 
R@g1+ 29. Rxg1 N@f2# 
{spurs checkmated} 0-1

[Event "fics rated crazyhouse match"]
[Site "fics, Oklahoma City, OK USA"]
[Date "2000.02.18"]
[White "pminear"]
[WhiteElo "2445"]
[Black "spurs"]
[BlackElo "2315"]
[TimeControl "60+0"]
[Result "1-0"]

1. e4 e6 2. Nc3 d5 3. d4 dxe4 4. Nxe4 Nc6 5. Nf3 Be7 6. Bb5 
Nf6 7. Nxf6+ Bxf6 8. N@e5 Bxe5 9. Nxe5 P@d7 10. Bxc6 bxc6 11. Nxf7 Kxf7 
12. N@e5+ Ke7 13. P@h6 B@f6 14. hxg7 Bxg7 15. P@h6 Bxe5 16. dxe5 N@d5 17. Bg5+ 
P@f6 18. exf6+ Nxf6 19. Bxf6+ Kxf6 20. B@g7+ Kf7 21. N@e5+ Ke7 22. B@f6+ Ke8 
23. P@f7# 
{spurs checkmated} 1-0

[Event "fics rated crazyhouse match"]
[Site "fics, Oklahoma City, OK USA"]
[Date "2000.02.18"]
[White "spurs"]
[WhiteElo "2310"]
[Black "pminear"]
[BlackElo "2450"]
[TimeControl "60+0"]
[Result "0-1"]

1. d4 e6 2. Nf3 Be7 3. e4 Nc6 4. Nc3 Nf6 5. Bb5 d5 6. exd5 
exd5 7. Bxc6+ bxc6 8. P@h6 Rg8 9. hxg7 Rxg7 10. P@h6 Rxg2 11. N@g7+ Kf8 
12. Ng5 B@h4 13. Qf3 Rxf2 14. Kd1 Rxf3 15. Nxf3 Q@g2 16. R@h8+ Ng8 17. Rxg8+ 
Kxg8 18. Rg1 Qxf3+ 19. Ne2 N@f2+ 20. Kd2 R@d1+ 21. Rxd1 Ne4# 
{spurs checkmated} 0-1

[Event "fics rated crazyhouse match"]
[Site "fics, Oklahoma City, OK USA"]
[Date "2000.02.18"]
[White "pminear"]
[WhiteElo "2455"]
[Black "spurs"]
[BlackElo "2305"]
[TimeControl "60+0"]
[Result "1-0"]

1. e4 e6 2. Nc3 d5 3. d4 dxe4 4. Nxe4 Nc6 5. Nf3 P@f5 6. Neg5 
Nf6 7. Bb5 Bb4+ 8. P@c3 Ba5 9. Bxc6+ bxc6 10. Nxf7 Kxf7 11. Ne5+ Ke7 
12. N@f7 Ba6 13. Nxd8 Kxd8 14. Nxc6+ Kc8 15. Nxa5 N@h4 16. B@f3 Nxf3+ 17. Qxf3 
B@e2 18. Qxa8+ Kd7 19. Qc6+ Ke7 20. R@f7+ Kxf7 21. N@e5+ Ke7 22. Q@f7+ Kd8 
23. Qcxc7# 
{spurs checkmated} 1-0

[Event "fics rated crazyhouse match"]
[Site "fics, Oklahoma City, OK USA"]
[Date "2000.02.18"]
[White "spurs"]
[WhiteElo "2300"]
[Black "pminear"]
[BlackElo "2460"]
[TimeControl "60+0"]
[Result "0-1"]

1. d4 Nf6 2. Nf3 e6 3. Nc3 Be7 4. Bg5 h6 5. Bxf6 Bxf6 6. e4 
d5 7. Bb5+ Bd7 8. Bxd7+ Nxd7 9. e5 Be7 10. N@h5 Rg8 11. Nxg7+ Rxg7 
12. P@f6 Rxg2 13. fxe7 Qxe7 14. B@f6 Nxf6 15. exf6 Qxf6 16. B@e5 Qg6 17. Bxc7 
P@e3 18. P@d7+ Ke7 19. Nxd5+ exd5 20. P@d6+ Kf8 21. fxe3 B@f2+ 22. Kd2 Bxe3+ 
23. Kc3 N@b5+ 24. Kb4 a5+ 25. Kxb5 B@a6+ 26. Ka4 b5+ 27. Kb3 P@a4+ 28. Kc3 
b4# 
{spurs checkmated} 0-1

[Event "fics rated crazyhouse match"]
[Site "fics, Oklahoma City, OK USA"]
[Date "2000.02.18"]
[White "pminear"]
[WhiteElo "2465"]
[Black "spurs"]
[BlackElo "2295"]
[TimeControl "60+0"]
[Result "0-1"]

1. e4 e6 2. Nc3 d5 3. d4 dxe4 4. Nxe4 Nc6 5. Bb5 Be7 6. Bxc6+ 
bxc6 7. N@e5 B@d5 8. P@d3 Nf6 9. Nxf6+ Bxf6 10. Ngf3 Bxe5 11. dxe5 Bxf3 
12. Qxf3 N@d4 13. Qg4 Nxc2+ 14. Kd2 Nxa1 15. Qxg7 R@c2+ 16. Ke3 N@f5+ 17. Kf4 
Nxg7 18. N@f6+ Qxf6+ 19. exf6 Nh5+ 20. Kg5 h6+ 21. Kxh5 Q@g6+ 22. Kh4 N@f5+ 
23. Kh3 P@g4# 
{pminear checkmated} 0-1

[Event "fics rated crazyhouse match"]
[Site "fics, Oklahoma City, OK USA"]
[Date "2000.02.18"]
[White "spurs"]
[WhiteElo "2307"]
[Black "pminear"]
[BlackElo "2453"]
[TimeControl "60+0"]
[Result "0-1"]

1. d4 e6 2. Nf3 Be7 3. e4 d5 4. Nc3 dxe4 5. Nxe4 P@f5 6. Nc3 
Bb4 7. Bb5+ Bd7 8. Bxd7+ Nxd7 9. O-O Bxc3 10. bxc3 N@e4 11. Ba3 B@e7 
12. Bxe7 Qxe7 13. B@b4 B@d6 14. Bxd6 cxd6 15. Qd3 Rc8 16. B@h4 f6 17. Rae1 
B@c4 18. Qd1 Bxf1 19. Kxf1 Nxc3 20. Qd3 R@h1+ 21. B@g1 P@e2+ 22. Rxe2 Nxe2 
23. Qxe2 R@c1+ 24. B@e1 R1xc2 25. P@d2 Rxg1+ 26. Kxg1 B@e4 27. P@d3 Bxf3 28. Qxf3 
P@d5 29. N@h5 Rc1 30. R@d1 Rxd1 31. Qxd1 R@c1 32. Qe2 N@c2 33. Qf1 Rxe1 
34. Qxe1 Nxe1 35. R@f1 Q@g4 36. R@e2 Qxe2 37. g3 R@h1+ 38. Kxh1 Qxf1+ 39. B@g1 
B@g2# 
{spurs checkmated} 0-1

[Event "fics rated crazyhouse match"]
[Site "fics, Oklahoma City, OK USA"]
[Date "2000.02.18"]
[White "pminear"]
[WhiteElo "2458"]
[Black "spurs"]
[BlackElo "2302"]
[TimeControl "60+0"]
[Result "0-1"]

1. e4 e6 2. Nc3 d5 3. exd5 exd5 4. Bb5+ Bd7 5. Qe2+ Qe7 6. Nxd5 
Qxe2+ 7. Bxe2 Bd6 8. P@c5 Be5 9. P@f4 Bc6 10. fxe5 Bxd5 11. B@c4 Bxg2 
12. e6 fxe6 13. Bxe6 Nh6 14. P@f7+ Ke7 15. Q@g5+ P@f6 16. Qxg2 N@f4 17. Qf3 
P@g2 18. Qxf4 gxh1=Q 19. N@g8+ Nxg8 20. fxg8=N+ Rxg8 21. Qxc7+ P@d7 22. Qxd7+ Nxd7 
23. B@d6+ Kxe6 24. N@f4+ Kf5 25. P@g4+ Kg5 26. h4+ Kxh4 27. P@g3+ Kg5 28. Nh3+ 
Kg6 29. Nf4+ Kf7 30. d3 Qxg1+ 31. Kd2 B@a5+ 32. c3 N@e4+ 33. Ke3 N@d1+ 
34. Kxe4 Qxf2 35. Kd5 R@e6 36. N@e5+ fxe5 37. Kc4 Q@d5# 
{pminear forfeits on time} 0-1